 Dungeon Sprint DCSS version 0.16-a0-44-gd96af6c (webtiles) character file.

102 BluebellGnoll the Basher (level 4, -3/52 HPs)
             Began as an Ogre Hunter on Aug 5, 2014.
             Was an Initiate of Okawaru.
             Slain by a wyvern (13 damage)
             ... in the Dungeon (Sprint IX: "|||||||||||||||||||||||||||||").
             The game lasted 00:01:58 (445 turns).

BluebellGnoll the Basher (Ogre Hunter)               Turns: 445, Time: 00:01:59

HP  -3/52        AC  5     Str 20      XL: 4   Next: 77%
MP   4/4         EV 10     Int 10      God: Okawaru [......]
Gold 0           SH  0     Dex 11      Spells:  0 memorised,  3 levels left

rFire  . . .     SeeInvis .     p - +2 morningstar (crush)
rCold  . . .     Clarity  .     d - +0 animal skin
rNeg   . . .     rCorr    .     (shield restricted)
rPois  .         rRot     .     (helmet restricted)
rElec  .         Spirit   .     (no cloak)
SustAb .         Warding  .     (gloves unavailable)
rMut   .         NoTele   +     (boots unavailable)
Gourm  .                        (no amulet)
MR     .....                    r - +3 ring of strength
                                q - +2 ring of protection

@: not resistant to hostile enchantments, very unstealthy
A: unfitting armour, tough skin 1
a: Renounce Religion


You were in the Dungeon.
You worshipped Okawaru.
Okawaru was noncommittal.
You were not hungry.

You visited 1 branch

Inventory:

Hand weapons
 a - a +1 club
 p - a +2 morningstar of crushing (weapon)
Missiles
 b - a large rock (quivered)
 c - 2 throwing nets
Armour
 d - a +0 animal skin (worn)
Magical devices
 n - a wand of cold (7)
Comestibles
 f - a meat ration
Scrolls
 k - 2 scrolls of blinking
 l - 3 scrolls of remove curse
 m - 2 scrolls of amnesia
Jewellery
 q - a +2 ring of protection (left hand)
 r - a +3 ring of strength (right hand)
Potions
 e - 5 potions of curing
 g - 3 potions of heal wounds
 h - a potion of invisibility
 i - 4 potions of magic
 j - a potion of berserk rage
Magical staves
 o - an uncursed staff of energy


   Skills:
 + Level 6.1 Fighting
 + Level 10.3 Maces & Flails
 - Level 4.3 Throwing
 - Level 1.7 Dodging
 - Level 0.7 Stealth


You had 3 spell levels left.
You didn't know any spells.

Dungeon Overview and Level Annotations

Branches:
Dungeon (1/1)

Altars:
Cheibriados
Dithmenos
Elyvilon
Fedhas
Gozag
Kikubaaqudgha
Makhleb
Nemelex Xobeh
Okawaru
Qazlal
Sif Muna
Trog
Vehumet
Xom
Yredelemnul
Zin
The Shining One
Beogh
Jiyva
Lugonu


Innate Abilities, Weirdness & Mutations

You are too large for most types of armour.
You have tough skin (AC +1).


Message History

Press: ? - help, Shift-Dir - straight line, f/p - wyvern
Aim: a wyvern You throw a large rock.
The large rock hits the wyvern!!
The wyvern is almost dead.
The wyvern bites you! x2
Throwing (i - inventory. (,) - cycle):
b - 2 large rocks (quivered)
Press: ? - help, Shift-Dir - straight line, f/p - wyvern
Aim: a wyvern (almost dead)
You throw a large rock.
The large rock barely misses the wyvern.
The wyvern bites you!
You closely miss the wyvern.
The wyvern is almost dead.
The wyvern bites you!
* * * LOW HITPOINT WARNING * * *
The wyvern barely misses you.
You closely miss the wyvern.
The wyvern is almost dead.
The wyvern bites you!
You die...

▓.▓
▓.▓
▓(▓
▓(▓
▓.▓
▓.▓
▓[▓
▓D▓
▓@▓
▓)▓
▓.▓
▓.▓
▓.▓
▓'▓
▓_▓
▓_▓
▓_▓


You could see a wyvern.

Vanquished Creatures
  A goliath beetle (D)
  A hound (D)
  2 adders (D)
  A gnoll (D)
  2 giant geckos (D)
  3 bats (D)
  2 hobgoblins (D)
  A kobold (D)
  A quokka (D)
  A goblin skeleton (D)
15 creatures vanquished.

Notes
Turn   | Place    | Note
--------------------------------------------------------------
     0 | D        | BluebellGnoll, the Ogre Hunter, began the quest for the Orb.
     0 | D        | Reached XP level 1. HP: 22/22 MP: 1/1
   249 | D        | Reached skill level 5 in Maces & Flails
   249 | D        | Reached XP level 2. HP: 29/29 MP: 2/2
   250 | D        | Reached skill level 6 in Maces & Flails
   262 | D        | Reached skill level 7 in Maces & Flails
   262 | D        | Reached XP level 3. HP: 18/36 MP: 3/3
   263 | D        | Reached skill level 8 in Maces & Flails
   271 | D        | Found a glowing silver altar of Zin.
   271 | D        | Found a glowing golden altar of the Shining One.
   271 | D        | Found an ancient bone altar of Kikubaaqudgha.
   271 | D        | Found a basalt altar of Yredelemnul.
   271 | D        | Found a shimmering altar of Xom.
   271 | D        | Found a radiant altar of Vehumet.
   271 | D        | Found an iron altar of Okawaru.
   272 | D        | Found a burning altar of Makhleb.
   273 | D        | Found a deep blue altar of Sif Muna.
   274 | D        | Found a bloodstained altar of Trog.
   275 | D        | Found a sparkling altar of Nemelex Xobeh.
   276 | D        | Found a white marble altar of Elyvilon.
   277 | D        | Found a roughly hewn altar of Beogh.
   278 | D        | Found a viscous altar of Jiyva.
   279 | D        | Found a corrupted altar of Lugonu.
   280 | D        | Became a worshipper of Warmaster Okawaru
   310 | D        | Found a blossoming altar of Fedhas.
   311 | D        | Found a snail-covered altar of Cheibriados.
   312 | D        | Found a shadowy altar of Dithmenos.
   313 | D        | Found a stormy altar of Qazlal.
   314 | D        | Found an opulent altar of Gozag.
   422 | D        | Noticed a wyvern
   422 | D        | Noticed a goliath beetle
   422 | D        | Noticed a hound
   426 | D        | Killed a hound
   426 | D        | Reached skill level 9 in Maces & Flails
   426 | D        | Reached XP level 4. HP: 44/49 MP: 4/4
   436 | D        | Killed a goliath beetle
   436 | D        | Reached skill level 10 in Maces & Flails
   445 | D        | Slain by a wyvern

Action                   |  1- 3 |  4- 6 || total
-------------------------+-------+-------++-------
Melee: Club              |    34 |       ||    34
       Morningstar       |     4 |     9 ||    13
Throw: Large rock        |     6 |     4 ||    10
  Use: Potion            |     1 |       ||     1
